 Dungeon Crawl Stone Soup version 0.31.0-12-g77e489cdc1 (webtiles) character file.

Game seed: 4347136705900394448

198 Ekaitz the Conjurer (level 5, -2/41 HPs)
             Began as a Draconian Conjurer on Feb 27, 2024.
             Slain by an ice beast (11 damage)
             ... on level 4 of the Dungeon.
             The game lasted 00:04:54 (3763 turns).

Ekaitz the Conjurer (Draconian Conjurer)            Turns: 3763, Time: 00:04:55

Health: -2/41      AC:  6    Str: 16    XL:     5   Next: 47%
Magic:  1/8        EV: 12    Int: 18    God:
Gold:   115        SH:  0    Dex: 11    Spells: 1/8 levels left

rFire   . . .        r - staff of conjuration
rCold   . . .        (no shield)
rNeg    . . .        (body armour unavailable)
rPois   .            (helmet restricted)
rElec   .            e - +0 cloak
rCorr   .            (no gloves)
SInv    .            (no boots)
Will    +....        (no amulet)
Stlth   ++           v - +6 ring of strength
HPRegen 0.26/turn    A - ring of willpower
MPRegen 0.11/turn

%: no passive effects
@: slowed, very slow
A: AC +5, unfitting armour, cold-blooded
a: no special abilities


You were on level 4 of the Dungeon.
You visited 1 branch of the dungeon, and saw 4 of its levels.

You collected 115 gold pieces.

Inventory:

Hand Weapons
 s - a +2 quarterstaff of chaos
Missiles
 w - 8 poisoned darts
Armour
 e - a +0 cloak (worn)
 y - a scarf of shadows
Magical Staves
 b - a staff of earth
 r - a staff of conjuration (weapon)
Jewellery
 v - a +6 ring of strength (left hand)
 A - a ring of willpower (right hand)
Scrolls
 d - a scroll of revelation {unknown}
 g - a scroll of teleportation {unknown}
 h - a scroll of noise {unknown}
 m - 3 scrolls of identify {unknown}
 p - a scroll of fear {unknown}
 t - 3 scrolls of acquirement {unknown}
 u - a scroll of blinking {unknown}
 z - 2 scrolls of silence {unknown}
Potions
 a - a potion of magic
 c - 2 potions of resistance {unknown}
 f - 4 potions of berserk rage {unknown}
 i - 2 potions of enlightenment {unknown}
 j - 2 potions of curing {unknown}
 k - a potion of haste {unknown}
 l - 2 potions of invisibility {unknown}
 n - a potion of mutation {unknown}
 o - a potion of attraction {unknown}
 q - a potion of degeneration {unknown}
 x - 2 potions of ambrosia {unknown}


   Skills:
 * Level 1.8 Fighting
 * Level 2.5 Dodging
 + Level 2.0 Stealth
 + Level 2.4 Spellcasting
 * Level 5.7 Conjurations
 * Level 0.9 Translocations


You had one spell level left.
You knew the following spells:

 Your Spells              Type           Power      Damage    Failure   Level
a - Magic Dart            Conj           100%       1d8       1%          1
b - Searing Ray           Conj           68%        2d6       2%          2
c - Iskenderun's Mystic   Conj/Tloc      21%        2d6       41%         4

Your spell library contained the following spells:

 Spells                   Type           Power      Damage    Failure   Level
 Foxfire                  Conj/Fire      72%        2x1d7     5%          1
 Blink                    Tloc           10%        N/A       19%         2
 Call Imp                 Summ           4%         N/A       26%         2
 Ozocubu's Armour         Ice            2%         N/A       45%         3
 Fulminant Prism          Conj/Alch      9%         3d7       47%         4
 Metabolic Englaciation   Hex/Ice        1%         N/A       99%         5
 Plasma Beam              Fire/Air       1%         2x1d11    100%        6
 Sculpt Simulacrum        Ice/Alch       1%         N/A       100%        6
 Starburst                Conj/Fire      9%         6d5       100%        6


Dungeon Overview and Level Annotations

Branches:
Dungeon (4/15)
 Temple: D:4-7

Altars:
Ru
Wu Jian

Shops:
D:2 !


Innate Abilities, Weirdness & Mutations

Your plain brown scales are hard. (AC +5)
You cannot fit into any form of body armour.
You are cold-blooded and may be slowed by cold attacks.


Message History

(Press . to maintain the ray.) Unknown command.
The searing ray hits the ice beast but does no damage.
The ice beast is severely wounded.
The searing ray hits the ice beast.
The ice beast is severely wounded.
The ice beast hits you but does no damage.
You hit the ice beast but do no damage.
The ice beast is severely wounded.
The ice beast barely misses you.
Casting: Searing Ray (safe; 2% risk of failure)
Confirm with . or Enter, or press ? or * to list all spells.
Aiming: Magic Dart (safe; 1% risk of failure)
Press: ? - help, Shift-Dir - straight line, f/p - ice beast
Aim: an ice beast (severely wounded, 100% to hit)
You feel a surge of power!
The magic dart hits the ice beast but does no damage.
The ice beast is severely wounded.
The ice beast hits you but does no damage.
You hit the ice beast.
Your tail-slap misses the ice beast.
The ice beast is severely wounded.
The ice beast hits you. The ice beast freezes you!
You feel yourself slow down.
You barely miss the ice beast.
The ice beast is severely wounded.
The ice beast hits you but does no damage.
The ice beast hits you. The ice beast freezes you!
You feel yourself speed up.
The ice beast hits you but does no damage.
The ice beast attacks as it pursues you!
The ice beast barely misses you.
The ice beast attacks as it pursues you!
The ice beast hits you. The ice beast freezes you.
You feel yourself slow down.
* * * LOW HITPOINT WARNING * * *
You hit the ice beast but do no damage.
You blast the ice beast.
The ice beast is almost dead.
The ice beast hits you.
* * * LOW HITPOINT WARNING * * *
The ice beast freezes you!
You feel as though you will be slow longer.
You die...

#..##.... ###...##...
########.#.#.##... #.#
#........#...##... ###..######
##................ #.........#
###..#####..##... #.........#
####.## #..##...
#..(......####....#######.#....
..#............Y@....#..<........
#...........##...................
#.####.###......................
#....#.######...................
#.................>..........
###.##........................
...............................
####.#.#......#................
..#..#......####...............


You could see an ice beast.

Vanquished Creatures
  2 bombardier beetles (D:4)
  Crazy Yiuf (D:2)
  Terence (D:2)
  3 adders
  3 dart slugs
  A ribbon worm (D:3)
  4 ball pythons
  5 endoplasms
  A giant cockroach (D:4)
  8 hobgoblins
  3 jackals (D:2)
  A quokka (D:2)
  2 bats (D:1)
  2 frilled lizards (D:1)
  9 goblins
  4 kobolds
  3 rats
53 creatures vanquished.

Notes
Turn   | Place    | Note
-------+----------+-------------------------------------------
     0 | D:1      | Ekaitz the Draconian Conjurer began the quest for the Orb.
     0 | D:1      | Reached XP level 1. HP: 14/14 MP: 3/3
   248 | D:1      | Reached XP level 2. HP: 22/22 MP: 1/5
   251 | D:1      | Learned a level 2 spell: Searing Ray
   484 | D:1      | Found a faded altar of an unknown god.
  1075 | D:2      | Noticed Terence
  1091 | D:2      | Killed Terence
  1092 | D:2      | Reached XP level 3. HP: 16/27 MP: 0/6
  1253 | D:2      | Found a runed translucent door.
  1254 | D:2      | Noticed Crazy Yiuf
  1545 | D:2      | Reached skill level 1 in Fighting
  1545 | D:2      | Reached skill level 5 in Conjurations
  1878 | D:2      | Reached XP level 4. HP: 35/35 MP: 2/7
  1883 | D:2      | Learned a level 4 spell: Iskenderun's Mystic Blast
  1951 | D:2      | Found Raetow's Distillery.
  2182 | D:2      | Killed Crazy Yiuf
  2465 | D:3      | Found a sacrificial altar of Ru.
  2949 | D:3      | Found an ornate altar of the Wu Jian Council.
  3309 | D:4      | Reached XP level 5. HP: 40/40 MP: 3/8
  3542 | D:4      | Noticed an ice beast
  3763 | D:4      | Slain by an ice beast

Illustrated notes

Levels and vault maps discovered:
D:1:      wheals_arrival_linesprint, layout_basic,
          dreamdust_ecumenical_altar_angels_and_demons
D:2:      kennysheep_the_goblin_king, layout_basic, serial_shops,
          nicolae_shop_stone, minmay_cupped, uniq_terence,
          uniq_crazy_yiuf_cottage
D:3:      layout_loops_corners, mainiacjoe_overflow_cross_hatched,
          nicolae_ru_sacrificial_ziggurat
D:4:      layout_rooms, mrwooster_statue_mirror, minmay_misc_feat_roman,
          kennysheep_small_circle

Skill      XL: |  1  2  3  4  5 |
---------------+----------------+-----
Dodging        | 2 |  2.5
Fighting       | 1 |  1.8
Conjurations   | 5 |  5.7
Stealth        | 2 |  2.0
Spellcasting   | |  2.4
Translocations | |  0.9

Action                     |  1- 3 |  4- 6 || total
---------------------------+-------+-------++-------
  Melee: Staff             |     6 |     4 ||    10
         Tailslap          |     2 |       ||     2
   Cast: Magic Dart        |    37 |    57 ||    94
         Searing Ray       |     4 |     4 ||     8
 Armour: Skin              |     7 |     9 ||    16
  Dodge: Dodged            |     6 |     5 ||    11
